 Dungeon Crawl Stone Soup version 0.29.1-4-g47bece8355 (webtiles) character file.

Game seed: 12410508068238983995

59 ChadusMaximus the Caller (level 3, 0/19 HPs)
             Began as a Deep Elf Summoner on Dec 5, 2022.
             Succumbed to an adder's poison
             ... on level 3 of the Dungeon.
             The game lasted 00:04:01 (2709 turns).

ChadusMaximus the Caller (Deep Elf Summoner)        Turns: 2709, Time: 00:04:02

Health: 0/19       AC:  3    Str:  5    XL:     3   Next: 78%
Magic:  9/10       EV: 12    Int: 21    God:
Gold:   87         SH:  0    Dex: 15    Spells: 4/10 levels left

rFire   + . .      SeeInvis .   h - +0 short sword
rCold   + . .      Faith    .   (no shield)
rNeg    . . .      Spirit   .   a - +0 robe
rPois   +          Reflect  .   (no helmet)
rElec   +          Harm     .   o - +0 cloak
rCorr   +          Rampage  .   (no gloves)
Will    .....                   (no boots)
Stlth   ++........              (no amulet)
HPRegen 0.06/turn               (no ring)
MPRegen 0.12/turn               (no ring)

@: mighty, lethally poisoned (0 -> -1), resistant, hasted, very quick
A: no striking features
a: no special abilities


You were on level 3 of the Dungeon.
You visited 1 branch of the dungeon, and saw 3 of its levels.

You collected 87 gold pieces.

Inventory:

Hand Weapons
 h - a +0 short sword (weapon)
 n - a +0 spear
Armour
 a - a +0 robe (worn)
 g - a +0 leather armour
 o - a +0 cloak (worn)
Jewellery
 k - a ring of willpower
Wands
 i - a wand of digging (1)
Scrolls
 c - 3 scrolls of teleportation {unknown}
 d - 3 scrolls of identify {unknown}
 f - a scroll of amnesia {unknown}
 j - a scroll of summoning {unknown}
Potions
 b - 2 potions of magic
 e - a potion of might
 l - a potion of haste


   Skills:
 - Level 2.6 Dodging
 - Level 2.6 Stealth
 + Level 4.0 Spellcasting
 * Level 5.4 Summonings


You had 4 spell levels left.
You knew the following spells:

 Your Spells              Type           Power      Damage    Failure   Level
a - Summon Small Mammal   Summ           100%       N/A       1%          1
b - Call Canine Familiar  Summ           27%        N/A       3%          3
c - Call Imp              Summ           27%        N/A       1%          2

Your spell library contained the following spells:

 Spells                   Type           Power      Damage    Failure   Level
 Slow                     Hex            16%        N/A       12%         1
 Summon Guardian Golem    Hex/Summ       15%        N/A       12%         3
 Confusing Touch          Hex            4%         N/A       34%         3
 Dazzling Flash           Conj/Hex       8%         N/A       34%         3
 Vampiric Draining        Necr           4%         2d6       34%         3
 Summon Lightning Spire   Summ/Air       15%        N/A       36%         4
 Iskenderun's Mystic Bla  Conj/Tloc      4%         2d3       75%         4
 Starburst                Conj/Fire      2%         6d3       100%        6


Dungeon Overview and Level Annotations

Branches:
Dungeon (3/15)

Altars:


Message History

Your hound barely misses the adder.
The adder closely misses you.
Your hound bites the adder.
The adder dies!
The adder bites you.
You closely miss the adder. Your hound misses the adder. The adder bites you.
You are poisoned.
The adder poisons you!
Your hound barely misses the adder.
You closely miss the adder.
You feel sick. The adder bites you.
You are lethally poisoned!
The adder poisons you!
Your hound barely misses the adder.
The adder closely misses you.
Unknown command.
You hit the adder.
The adder is moderately wounded.
You feel sick.
Your hound barely misses the adder.
The adder closely misses you.
Your hound completely misses the adder.
You hit the adder.
The adder is moderately wounded.
You feel sick.
Your hound bites the adder.
The adder misses you. The adder bites you but does no damage.
Your hound bites the adder.
The adder dies!
Your Spellcasting skill increases to level 4!
It was a potion of might.
You feel very mighty all of a sudden.
* * * LOW HITPOINT WARNING * * *
You feel sick.
It was a potion of haste.
You feel yourself speed up.
* * * LOW HITPOINT WARNING * * *
You feel sick.
It was a potion of resistance.
You feel protected.
* * * LOW HITPOINT WARNING * * *
You feel sick.
* * * LOW HITPOINT WARNING * * *
You feel sick.
You see here an adder corpse.
Found a pair of runed boots.
* * * LOW HITPOINT WARNING * * *
You feel sick.
You die...

..... #### #.......#
#### #... #[......# ...#
#...# #.......# ##.#
#...####.......#
##.######..............#
........+..............+
##.....##........?.....#
######'##....†h.@...##
........#...........#
........#...........#
........''..........#
........##..........#
........##..........#
........##..........#
........##..........#
........######.#####


You could see a friendly hound (summoned).

Vanquished Creatures
  2 endoplasms (D:2)
  A goblin (D:2)
  A hobgoblin (D:2)
  A kobold (D:2)
  A quokka (D:2)
  A ball python (D:2)
7 creatures vanquished.

Vanquished Creatures (collateral kills)
  2 adders (D:3)
  A dart slug (D:2)
  2 endoplasms (D:1)
  4 goblins
  5 hobgoblins
  2 quokkas
  7 ball pythons (D:1)
  2 frilled lizards (D:1)
  2 kobolds (D:1)
  2 rats (D:1)
29 creatures vanquished.

Grand Total: 36 creatures vanquished

Notes
Turn   | Place    | Note
-------+----------+-------------------------------------------
     0 | D:1      | ChadusMaximus the Deep Elf Summoner began the quest for the
                  | Orb.
     0 | D:1      | Reached XP level 1. HP: 10/10 MP: 6/6
   108 | D:1      | Reached XP level 2. HP: 15/15 MP: 5/8
  1648 | D:2      | Reached skill level 5 in Summonings
  1694 | D:2      | Reached XP level 3. HP: 19/19 MP: 7/10
  1698 | D:2      | Learned a level 3 spell: Call Canine Familiar
  2664 | D:2      | Learned a level 2 spell: Call Imp
  2709 | D:3      | Succumbed to an adder's poison

Illustrated notes

Levels and vault maps discovered:
D:1:      roderic_crop_circles_arrival_small, layout_basic
D:2:      layout_loops_ring
D:3:      kennysheep_goblin_castle, layout_basic,
          dilly_ecumenical_altar_fadedgnrine

Skill      XL: |  1  2  3 |
---------------+----------+-----
Summonings     | 5 |  5.4
Spellcasting   | 4 |  4.0
Dodging        | |  2.6
Stealth        | |  2.6

Action                   || total
-------------------------++-------
Melee: Unarmed           ||     3
       Short sword       ||    25
 Cast: Summon Small Mamm ||    40
       Call Canine Famil ||     4
  Use: Potion            ||     3
 Stab: Sleeping          ||     4
Armor: Robe              ||     6
Dodge: Dodged            ||    32
